 Dungeon Crawl Stone Soup version 0.31-a0-983-g7b6862f502 (webtiles) character file.

Game seed: 13421483992307161352

494 Dittersdorf the Trooper (level 7, -6/44 HPs)
             Began as a Gargoyle Fighter on Nov 2, 2023.
             Was a Follower of Okawaru.
             Mangled by an ogre
             ... wielding a +0 giant spiked club
              (8 damage)
             ... on level 5 of the Dungeon.
             The game lasted 00:06:04 (3468 turns).

Dittersdorf the Trooper (Gargoyle Fighter)          Turns: 3468, Time: 00:06:05

Health: -6/44      AC: 18    Str: 22    XL:     7   Next: 15%
Magic:  7/7        EV:  8    Int:  8    God:    Okawaru [*.....]
Gold:   247        SH:  4    Dex:  9    Spells: 6/6 levels left

rFire   . . .        a - +0 flail
rCold   . . .        c - +0 buckler
rNeg    + . .        i - +0 chain mail
rPois   ∞            m - +0 helmet
rElec   +            (no cloak)
rCorr   .            q - +0 pair of gloves
SInv    .            g - +0 pair of boots
Will    +....        r - amulet of regeneration Stlth
                     k - ring of willpower
HPRegen 1.07/turn    n - +4 ring of slaying
MPRegen 0.10/turn

%: no passive effects
@: no status effects
A: sickness immunity, AC +4, negative energy resistance 1, electricity
resistance, torment resistance 1, petrification resistance
a: Renounce Religion, Heroism


You were on level 5 of the Dungeon.
You worshipped Okawaru.
Okawaru was aware of your devotion.
You visited 1 branch of the dungeon, and saw 5 of its levels.

You collected 247 gold pieces.

Inventory:

Hand Weapons
 a - a +0 flail (weapon)
Missiles
 p - 6 poisoned darts (quivered)
Armour
 c - a +0 buckler (worn)
 g - a +0 pair of boots (worn)
 i - a +0 chain mail (worn)
 m - a +0 helmet (worn)
 q - a +0 pair of gloves (worn)
Jewellery
 f - a ring of willpower
 k - a ring of willpower (left hand)
 n - a +4 ring of slaying (right hand)
 r - an amulet of regeneration (around neck)
Scrolls
 e - 3 scrolls of enchant armour {unknown}
 l - 2 scrolls of fog {unknown}
 s - a scroll of teleportation
 u - a scroll of fear {unknown}
Potions
 d - a potion of might
 h - a potion of cancellation
 j - 2 potions of resistance
 o - a potion of berserk rage
 t - a potion of heal wounds


   Skills:
 + Level 5.2 Fighting
 + Level 4.0 Maces & Flails
 + Level 5.1 Armour
 + Level 5.1 Shields


You had 6 spell levels left.
You didn't know any spells.
Your spell library contained the following spells:

 Spells                   Type           Power      Damage    Failure   Level
 Apportation              Tloc           0%         N/A       97%         1
 Jinxbite                 Hex            0%         N/A       99%         2
 Inner Flame              Hex/Fire       0%         N/A       100%        3
 Flame Wave               Conj/Fire      0%         2d4       100%        4
 Sticky Flame             Conj/Fire      0%         2d3       100%        4
 Alistair's Intoxication  Tmut/Pois      0%         N/A       100%        5


Dungeon Overview and Level Annotations

Branches:
Dungeon (5/15)
 Temple: D:4-7

Altars:
Okawaru
Qazlal
Xom

Shops:
D:3 *


Innate Abilities, Weirdness & Mutations

You are immune to sickness and miasma.
Your stone body is resilient. (AC +4)
You are immune to poison.
You resist negative energy. (rN+)
You are resistant to electric shocks. (rElec)
You are resistant to unholy torment.
You are immune to petrification.


Message History

There is an open door here.
Done exploring.
Done exploring.
What level of the Dungeon? (default 4, ? - help)
There is an open door here.
There is a stone staircase leading down here.
You climb downwards.
There is a stone staircase leading up here.
Okay, then.
An ogre comes into view. It is wielding a +0 giant spiked club.
The ogre shouts!
The ogre hits you with a +0 giant spiked club!!
You sock the ogre!
The ogre is heavily wounded.
You thump the ogre!
The ogre is almost dead.
The ogre hits you with a +0 giant spiked club!!
Ouch! That really hurt!
* * * LOW HITPOINT WARNING * * *
You are too injured to fight recklessly!
You are too injured to fight recklessly!
You are too injured to fight recklessly!
You are too injured to fight recklessly!
You are too injured to fight recklessly!
You are too injured to fight recklessly!
You are too injured to fight recklessly!
You are too injured to fight recklessly!
You are too injured to fight recklessly!
You are too injured to fight recklessly!
You are too injured to fight recklessly!
You are too injured to fight recklessly!
You are too injured to fight recklessly!
You are too injured to fight recklessly!
You are too injured to fight recklessly!
You are too injured to fight recklessly!
You are too injured to fight recklessly!
You barely miss the ogre.
The ogre is almost dead.
The ogre hits you with a +0 giant spiked club!
You die...

#.# #.# #.#
#.# #.# #.#
#O#
############@#
#<...........#
##############


You could see an ogre.

Vanquished Creatures
  Eustachio (D:4)
  A phantom (D:3)
  A scorpion (D:4)
  An iguana (D:4)
  Robin (D:2)
  2 adders
  2 gnolls (D:1)
  A white imp (D:4)
  A worm (D:3)
  4 dart slugs
  9 orcs
  8 ball pythons
  12 endoplasms
  4 giant cockroaches
  13 goblins
  14 hobgoblins
  7 quokkas
  5 bats
  6 frilled lizards
  6 kobolds
  21 rats
120 creatures vanquished.

Notes
Turn   | Place    | Note
-------+----------+-------------------------------------------
     0 | D:1      | Dittersdorf the Gargoyle Fighter began the quest for the
                  | Orb.
     0 | D:1      | Reached XP level 1. HP: 14/14 MP: 1/1
    77 | D:1      | Reached XP level 2. HP: 19/19 MP: 2/2
   204 | D:1      | Reached XP level 3. HP: 6/24 MP: 3/3
   979 | D:2      | Reached XP level 4. HP: 25/29 MP: 4/4
  1201 | D:2      | Noticed Robin
  1291 | D:2      | Killed Robin
  1313 | D:2      | Found a shimmering altar of Xom.
  1618 | D:3      | Reached XP level 5. HP: 33/33 MP: 5/5
  1712 | D:3      | Found Mojev's Assorted Antiques.
  1857 | D:3      | Found an iron altar of Okawaru.
  1872 | D:3      | Became a worshipper of Warmaster Okawaru
  2009 | D:3      | Noticed a phantom
  2020 | D:3      | Killed a phantom
  2233 | D:3      | Reached XP level 6. HP: 39/39 MP: 6/6
  2604 | D:4      | Noticed Eustachio
  2782 | D:4      | Killed Eustachio
  2782 | D:4      | Reached * piety under Okawaru
  2783 | D:4      | Reached skill level 5 in Fighting
  2783 | D:4      | Reached skill level 5 in Armour
  2783 | D:4      | Reached skill level 5 in Shields
  2783 | D:4      | Reached XP level 7. HP: 41/44 MP: 7/7
  2960 | D:4      | Found a stormy altar of Qazlal.
  3454 | D:5      | Entered Level 5 of the Dungeon
  3467 | D:5      | HP: 1/44 [ogre/+0 giant spiked club (26)]
  3468 | D:5      | Mangled by an ogre

Illustrated notes

Levels and vault maps discovered:
D:1:      scummos_arrival_hexagon, layout_loops_ring, solitary_fountain,
          kennysheep_pointless_box, minivault_4, grunt_decor_junction
D:2:      layout_rooms, basic_altar, uniq_robin
D:3:      layout_basic, mainiacjoe_overflow_cross_hatched, serial_shops,
          nicolae_shop_real_fake_doors
D:4:      layout_gridville, grunt_qazlal_clouds, minmay_rat_hole, uniq_eustachio
D:5:      minmay_diamond_boxcup, layout_basic,
          minmay_temple_entry_drinking_statues, kennysheep_potato, uniq_grinder

Skill      XL: |  1  2  3  4  5  6 |
---------------+-------------------+-----
Fighting       | 4 5 |  5.2
Armour         | 4 5 |  5.1
Shields        | 4 5 |  5.1
Maces & Flails | 3 4 |  4.0

Action                     |  1- 3 |  4- 6 |  7- 9 || total
---------------------------+-------+-------+-------++-------
  Melee: Flail             |   110 |   248 |    19 ||   377
  Throw: Dart              |       |     4 |       ||     4
    Use: Scroll            |       |     7 |       ||     7
 Armour: Scale mail        |    91 |   228 |     9 ||   328
         Chain mail        |       |       |     8 ||     8
  Dodge: Dodged            |    57 |   141 |     6 ||   204
  Block: Buckler           |    30 |    76 |     3 ||   109

Table legend: (Time is in decaauts)
 A = Elapsed time spent in this place.
 B = Non-inter-level travel time spent in this place.
 C = Inter-level travel time spent in this place.
 D = Time resting spent in this place.
 E = Time spent auto-exploring this place.
 F = Levels seen in this place.
 G = Mean time per level.
                   A        B        C        D        E       F      G
               +--------+--------+--------+--------+--------+-----+--------+
         Total |   3574 |   3445 |    129 |    115 |   2417 |   5 |  714.8 |
       Dungeon |   3574 |   3445 |    129 |    115 |   2417 |   5 |  714.8 |
               +--------+--------+--------+--------+--------+-----+--------+

Top non-repeatable levels by time:
     D:1: 987 daAuts
     D:4: 962 daAuts
     D:3: 918 daAuts
     D:2: 692 daAuts
     D:5: 14 daAuts
